 Dungeon Crawl Stone Soup version 0.23-a0-677-g07611c5 (webtiles) character file.

3717 Lanoc the Ruffian (level 9, 0/106 HPs)
             Began as a Demonspawn Chaos Knight on Jan 9, 2019.
             Was a Plaything of Xom.
             Succumbed to Grum's poison
             ... on level 8 of the Dungeon.
             The game lasted 00:17:50 (6277 turns).

Lanoc the Ruffian (Demonspawn Chaos Knight)         Turns: 6277, Time: 00:17:51

Health: 0/106      AC: 24    Str: 17    XL:     9   Next: 92%
Magic:  9/9        EV:  2    Int: 18    God:    Xom [*.....]
Gold:   488        SH:  5    Dex: 14    Spells: 8/8 levels left

rFire    . . .     SeeInvis .   a - +1 falchion (chaos)
rCold    . . .     Gourm    .   l - +0 buckler
rNeg     + + +     Faith    .   (armour currently unavailable)
rPois    +         Spirit   .   (helmet currently unavailable)
rElec    .         Reflect  .   (cloak currently unavailable)
rCorr    .         Harm     .   (gloves currently unavailable)
MR       .....     NoTele   +   (boots currently unavailable)
Stlth    +.........             (no amulet)
HPRegen  0.27/turn              o - ring of flight
MPRegen  0.11/turn              (no ring)

@: brilliant, lethally poisoned (0 -> -3), tree-form, hasted, very quick
A: demonic guardian 2, mutation resistance 1, sense surroundings 1, strong 1,
wild magic 1
a: Renounce Religion


You were on level 8 of the Dungeon.
You worshipped Xom.
You were a special plaything of Xom.
You were hungry.
You were a tree.
You visited 1 branch of the dungeon, and saw 8 of its levels.
You also visited: Sewer.

You collected 538 gold pieces.
You spent 50 gold pieces at shops.

Inventory:

Hand Weapons
 a - a +1 falchion of chaos (weapon)
 m - a +3 scimitar of flaming
Armour
 i - a +2 scale mail of cold resistance (melded)
 l - a +0 buckler (worn)
Jewellery
 o - a ring of flight (left branch)
Wands
 b - a wand of enslavement (17)
Scrolls
 d - 3 scrolls of teleportation
 e - 2 scrolls of remove curse
 k - 2 scrolls of enchant weapon
 p - a scroll of amnesia
 r - a scroll of identify
Potions
 h - 2 potions of flight
Comestibles
 c - 20 rations
 q - 5 chunks of flesh


   Skills:
 + Level 6.9 Fighting
 - Level 4.0 Long Blades
 + Level 5.8 Armour
 + Level 5.5 Dodging
 - Level 4.0 Shields
 * Level 6.9 Unarmed Combat


You had 8 spell levels left.
You didn't know any spells.
Your spell library contained the following spells:

 Spells                   Type           Power        Failure   Level  Hunger
 Animate Skeleton         Necr           N/A          3%          1    ##.....
 Apportation              Tloc           ##....       3%          1    ##.....
 Confusing Touch          Hex            ##....       3%          1    ##.....
 Pain                     Necr           ##..         3%          1    ##.....
 Summon Small Mammal      Summ           ##..         3%          1    ##.....
 Regeneration             Chrm/Necr      ##........   10%         3    ####...
 Vampiric Draining        Necr           ##........   10%         3    ####...
 Animate Dead             Necr           N/A          26%         4    #####..


Dungeon Overview and Level Annotations

Branches:
Dungeon (8/15)             Temple (0/1) D:6
   Lair: D:8-11

Altars:
Kikubaaqudgha
Ru
Trog
Uskayaw
Xom
The Shining One

Shops:
D:5 *

Annotations:
D:8 Grum


Innate Abilities, Weirdness & Mutations

((You have sharp fingernails.))
((You have hoof-like feet.))
((You have a pair of horns on your head.))
A demonic guardian rushes to your aid.
((Your flesh is cold resistant. (rC+)))
You are somewhat resistant to further mutation.
You passively map a small area around you.
Your muscles are strong. (Str +2)
Your spells are a little harder to cast, but a little more powerful.


Message History

Your body's shape seems more normal.
Your hooves look more like feet.
You feel slightly disoriented.
You feel robust.
You feel clever all of a sudden.
* * * LOW HITPOINT WARNING * * *
You feel sick.
Grum gibbers meaninglessly.
Memorise Regeneration, consuming 3 spell levels and leaving 5?
You start memorising the spell.
You continue memorising.
Your memorisation is interrupted.
* * * LOW HITPOINT WARNING * * *
You feel sick.
Memorise Regeneration, consuming 3 spell levels and leaving 5?
Your memorisation is interrupted.
* * * LOW HITPOINT WARNING * * *
You feel sick.
Memorise Regeneration, consuming 3 spell levels and leaving 5?
You start memorising the spell.
You continue memorising.
Your memorisation is interrupted.
You die...
Xom snickers!

,, ,,...##...#.......# , .. *
,................##. .. ,,
.................... * ,,,.. ,
..... #............. * #.
.....###.)[......... ... ##..
.........).......... .....#.. ,
.................... .......
............#######.....<... ,,,
#####.#....♣.### #....>#.... , ,
* ##..#.......# #...##..... *
#..##..#....###.......... ,
...#####.[...#....#...##..(....
,......................##.......
g...##....................)... ,
.. ,#..............#....#...).
*......†.............##....#..().
..............................(.


There were no monsters in sight!

Vanquished Creatures
  Erica (D:8)
  Prince Ribbit (D:8)
  Eustachio (D:6)
  2 hungry ghosts
  An orc warrior (D:7)
  An ice beast (D:5)
  3 black bears
  A phantom (D:6)
  3 centaurs
  A crocodile (D:7)
  3 bullfrogs
  2 scorpions
  A killer bee (D:7)
  3 howler monkeys
  A crimson imp (D:6)
  2 hounds
  4 orc priests (D:5)
  2 jellies
  2 bullfrog skeletons
  6 orc wizards
  Jessica (D:3)
  6 worker ants
  A hound skeleton (D:4)
  A worker ant zombie (D:5)
  A gnoll (D:7)
  A river rat (shapeshifter) (Sewer)
  A river rat (D:6)
  12 adders
  2 shadow imps
  9 oozes
  An adder skeleton (D:8)
  3 worms
  2 dart slugs
  28 leopard geckos
  27 orcs
  15 giant cockroaches
  4 goblins
  3 hobgoblins
  8 jackals
  4 quokkas
  10 ball pythons
  10 bats
  17 frilled lizards
  4 kobolds
  3 leopard gecko skeletons
  A quokka skeleton (D:4)
  4 rats
220 creatures vanquished.

Vanquished Creatures (collateral kills)
  A hungry ghost (D:7)
  Duvessa (D:6)
  A wolf (D:8)
  A bullfrog (D:8)
  4 killer bees (D:7)
  A howler monkey (D:4)
  A centaur zombie (D:6)
  A jelly (D:6)
  An orc priest (D:3)
  An iguana (D:5)
  2 worker ants
  3 gnolls (D:7)
  A worm (D:5)
  2 orcs
  2 jackals (D:6)
  A quokka (D:7)
  A quokka zombie (D:7)
25 creatures vanquished.

Vanquished Creatures (others)
  An orc priest (D:5)
1 creature vanquished.

Grand Total: 246 creatures vanquished

Notes
Turn   | Place    | Note
-------+----------+-------------------------------------------
     0 | D:1      | Lanoc the Demonspawn Chaos Knight began the quest for the
                  | Orb.
     0 | D:1      | Reached XP level 1. HP: 18/18 MP: 1/1
    35 | D:1      | Reached skill level 1 in Dodging
    48 | D:1      | XOM: potion effect (curing)
    48 | D:1      | Gained mutation: You have large cloven feet. [demonic
                  | ancestry]
    48 | D:1      | Reached XP level 2. HP: 24/24 MP: 2/2
    88 | D:1      | XOM: divination: detect creatures
   246 | D:2      | Reached XP level 3. HP: 29/29 MP: 3/3
   313 | D:2      | XOM: mild Tloc miscast
   314 | D:2      | Noticed a spatial vortex
   331 | D:2      | XOM: noise
   471 | D:2      | Gained mutation: A weak demonic guardian rushes to your
                  | aid. [demonic ancestry]
   471 | D:2      | Reached XP level 4. HP: 13/35 MP: 4/4
   775 | D:2      | XOM: give mutations
   775 | D:2      | Gained mutation: You are frail. (-10% HP) [Xom's mischief]
   775 | D:2      | Gained mutation: Your muscles are strong. (Str +2) [Xom's
                  | mischief]
   801 | D:3      | Found a hide-covered altar of Uskayaw.
   801 | D:3      | Noticed a +0 hand axe
   801 | D:3      | Noticed a -2 dagger
   828 | D:3      | XOM: smoke on damage
   871 | D:3      | XOM: 2-stop teleportation journey
  1028 | D:3      | Gained mutation: You have a pair of small horns on your
                  | head. [demonic ancestry]
  1028 | D:3      | Reached XP level 5. HP: 34/36 MP: 5/5
  1040 | D:3      | Noticed Jessica
  1045 | D:3      | Killed Jessica
  1213 | D:3      | Found a sacrificial altar of Ru.
  1213 | D:3      | Found an ancient bone altar of Kikubaaqudgha.
  1214 | D:3      | Found a bloodstained altar of Trog.
  1248 | D:4      | Found a glowing golden altar of the Shining One.
  1480 | D:4      | XOM: smoke on damage
  1622 | D:4      | XOM: 1-stop teleportation journey
  1631 | D:4      | XOM: scenery: 1 doors open
  1637 | D:4      | Reached skill level 1 in Shields
  1786 | D:4      | XOM: give mutations
  1786 | D:4      | Gained mutation: You passively map a small area around you.
                  | [Xom's grace]
  1786 | D:4      | Gained mutation: Your spells are a little harder to cast,
                  | but a little more powerful. [Xom's grace]
  1786 | D:4      | Gained mutation: Your flesh is cold resistant. (rC+) [Xom's
                  | grace]
  1786 | D:4      | Gained mutation: You have hoof-like feet. [Xom's grace]
  1817 | D:4      | Gained mutation: You have sharp fingernails. [demonic
                  | ancestry]
  1817 | D:4      | Reached XP level 6. HP: 43/43 MP: 6/6
  1831 | D:4      | Reached skill level 1 in Unarmed Combat
  1949 | D:5      | Entered Level 5 of the Dungeon
  1969 | D:5      | Noticed an ice beast
  1982 | D:5      | Killed an ice beast
  2210 | D:5      | Found Effiv's General Store.
  2215 | D:5      | XOM: cleaving
  2499 | D:5      | Bought a potion of heal wounds for 50 gold pieces
  2518 | D:5      | Gained mutation: You have a pair of horns on your head.
                  | [demonic ancestry]
  2518 | D:5      | Reached XP level 7. HP: 17/49 MP: 7/7
  3118 | D:5      | XOM: butterfly on damage
  3172 | D:5      | XOM: divine lightning
  3306 | D:5      | XOM: scenery: create altars
  3650 | D:6      | Found a staircase to the Ecumenical Temple.
  3667 | D:6      | Found a glowing drain.
  3693 | Sewer    | Entered a sewer
  3701 | Sewer    | XOM: scenery: create altars
  3843 | Sewer    | Gained mutation: A demonic guardian rushes to your aid.
                  | [demonic ancestry]
  3843 | Sewer    | Reached XP level 8. HP: 50/54 MP: 8/8
  3953 | Sewer    | Reached skill level 5 in Fighting
  3953 | Sewer    | XOM: polymorph bullfrog -> worm
  3997 | D:6      | XOM: give mutations
  3997 | D:6      | Gained mutation: You are somewhat resistant to further
                  | mutation. [Xom's grace]
  3997 | D:6      | Gained mutation: You have hooves in place of feet. [Xom's
                  | grace]
  3997 | D:6      | Gained mutation: You passively map the area around you.
                  | [Xom's grace]
  3997 | D:6      | Gained mutation: You expend magic power (3 MP) to
                  | strengthen your wands. [Xom's grace]
  4065 | D:6      | Noticed Eustachio
  4075 | D:6      | Killed Eustachio
  4123 | D:6      | XOM: scenery: create altars
  4212 | D:6      | XOM: divination: detect items
  4276 | D:6      | Noticed Duvessa
  4276 | D:6      | Noticed Dowan
  4284 | D:6      | Killed Duvessa
  4297 | D:6      | Noticed Dowan
  4297 | D:6      | Dowan changed into Dowan the dart slug
  4297 | D:6      | XOM: polymorph Dowan -> Dowan the dart slug
  4298 | D:6      | Killed Dowan the dart slug
  4352 | D:6      | XOM: scenery: create altars
  4662 | D:6      | XOM: scenery: create altars
  4678 | D:6      | XOM: god gift: 3 rations
  4702 | D:6      | XOM: god gift: 4 rations
  4808 | D:7      | Reached skill level 5 in Unarmed Combat
  4847 | D:7      | Reached XP level 9. HP: 61/62 MP: 9/9
  4985 | D:7      | XOM: harmless Tmut miscast
  5040 | D:7      | Reached skill level 5 in Armour
  5248 | D:7      | XOM: divination: detect items
  5266 | D:7      | XOM: enchant monster (bad)
  5427 | D:7      | XOM: smoke on damage
  5491 | D:7      | XOM: summons 4 hostile demons
  5518 | D:7      | XOM: 2-stop teleportation journey
  5764 | D:8      | Noticed Prince Ribbit
  5764 | D:8      | Noticed Erica
  5770 | D:8      | Killed Erica
  5770 | D:8      | Reached skill level 5 in Dodging
  5774 | D:8      | Killed Prince Ribbit
  6250 | D:8      | Noticed Grum
  6264 | D:8      | XOM: give mutations
  6264 | D:8      | Lost mutation: You expend magic power (3 MP) to strengthen
                  | your wands. [Xom's mischief]
  6264 | D:8      | Gained mutation: Armour fits poorly on your strangely
                  | shaped body. [Xom's mischief]
  6267 | D:8      | HP: 3/63 [poisoned by Grum]
  6271 | D:8      | Lost mutation: Armour fits poorly on your strangely shaped
                  | body. [potion of mutation]
  6271 | D:8      | Lost mutation: You have hooves in place of feet. [potion of
                  | mutation]
  6271 | D:8      | Lost mutation: You passively map the area around you.
                  | [potion of mutation]
  6271 | D:8      | Lost mutation: You are frail. (-10% HP) [potion of
                  | mutation]
  6272 | D:8      | HP: 2/106 [poisoned by Grum]
  6277 | D:8      | Succumbed to Grum's poison

Vault maps used:
D:1:      noname_arrival_rooms_in_the_neighbourhood, minmay_worlds_worst_comb
D:2:      first_ration, serial_rivers, chequers_serial_rivers_large_b,
          chequers_serial_rivers_marsh, chequers_serial_rivers_micro_a,
          chequers_serial_rivers_small_b, chequers_serial_rivers_small_a,
          chequers_serial_rivers_micro_d
D:3:      gammafunk_temple_overflow_claw, dancing_weapons_uskayaw, uniq_jessica
D:4:      st_stairs_11, tso_metal_star
D:5:      serial_shops, shop, minmay_lizard_king
D:6:      temple_doors_e, portal_sewer_entry_a, uniq_duvessa, uniq_eustachio
D:8:      nicolae_overflow_hidden_temple, hangedman_ranch,
          hangedman_abyss_or_decor_stabs, uniq_prince_ribbit1, uniq_grum,
          uniq_harold, uniq_erica
Sewer:    sewer_frog_island_02

Skill      XL: |  1  2  3  4  5  6  7  8  9 |
---------------+----------------------------+-----
Dodging        | 1 2 3 4 5 |  5.5
Long Blades    | 3 4 |  4.0
Armour         | 2 3 4 5 |  5.8
Shields        | 1 2 3 4 |  4.0
Fighting       | 4 5 6 |  6.9
Unarmed Combat | 1 3 5 6 |  6.9

Action                   |  1- 3 |  4- 6 |  7- 9 || total
-------------------------+-------+-------+-------++-------
Melee: Falchion          |    94 |   144 |   352 ||   590
       Kick              |    17 |    45 |   130 ||   192
       Headbutt          |       |    22 |    72 ||    94
       Unarmed           |       |       |    30 ||    30
  Use: Potion            |       |     4 |     9 ||    13
       Scroll            |       |       |    15 ||    15
 Stab: Sleeping          |     1 |     1 |       ||     2
       Paralysed         |     1 |       |       ||     1
       Distracted        |       |     1 |       ||     1
  Eat: Chunk             |       |     3 |    16 ||    19
       Ration            |       |     1 |       ||     1
Armor: Leather armour    |    49 |    37 |     5 ||    91
       Skin              |       |     1 |       ||     1
       Scale mail        |       |       |   142 ||   142
Dodge: Dodged            |    62 |    88 |   228 ||   378
Block: Buckler           |       |    11 |   106 ||   117
       Rpst.: Falchion   |    24 |    33 |    65 ||   122

Table legend:
 A = Non-vault XP
 B = Vault XP
 C = Vault XP percentage of total XP
 D = Non-vault monster count
 E = Vault monster count
 F = Vault count percentage of total count
                 A         B        C        D         E       F
            +---------+---------+-------+---------+---------+-------
      Total |    3938 |    1373 |  25.9 |     169 |      77 |  31.3
            +---------+---------+-------+---------+---------+-------
        D:1 |      17 |       6 |  26.1 |       8 |       3 |  27.3
        D:2 |     103 |       0 |   0.0 |      29 |       0 |   0.0
        D:3 |      89 |      37 |  29.4 |      26 |       1 |   3.7
        D:4 |     156 |      16 |   9.3 |      11 |       2 |  15.4
        D:5 |     797 |      48 |   5.7 |      25 |      11 |  30.6
        D:6 |     630 |     231 |  26.8 |      17 |       8 |  32.0
        D:7 |    1603 |       0 |   0.0 |      37 |       0 |   0.0
        D:8 |     543 |     865 |  61.4 |      16 |       3 |  15.8
      Sewer |       0 |     170 | 100.0 |       0 |      49 | 100.0
            +---------+---------+-------+---------+---------+-------
